 Dungeon Crawl Stone Soup version 0.20.1-1-g8b1a95d (webtiles) character file.

86 Fisto the Grasshopper (level 4, -4/34 HPs)
             Began as a Human Warper on Nov 7, 2017.
             Killed from afar by an orc wizard (8 damage)
             ... with a magic dart
             ... on level 3 of the Dungeon.
             The game lasted 00:13:15 (1969 turns).

Fisto the Grasshopper (Human Warper)                Turns: 1969, Time: 00:13:16

Health: -4/34      AC:  5    Str: 11    XL:     4   Next: 77%
Magic:  5/7        EV: 11    Int: 15    God:
Gold:   122        SH:  0    Dex: 12    Spells: 3/7 levels left

rFire    . . .     SeeInvis .   u - +0 rapier
rCold    . . .     Gourm    .   (no shield)
rNeg     . . .     Faith    .   s - +0 ring mail
rPois    .         Spirit   .   (no helmet)
rElec    .         Reflect  .   (no cloak)
rCorr    .         Harm     .   (no gloves)
MR       .....                  (no boots)
Stlth    +.........             (no amulet)
Regen    0.2/turn               (no ring)
MPRegen  0.1/turn               (no ring)

@: flying
A: no striking features
a: no special abilities


You were on level 3 of the Dungeon.
You were hungry.

You visited 1 branch of the dungeon, and saw 3 of its levels.

You collected 122 gold pieces.

Inventory:

Hand Weapons
 a - a +0 falchion
 e - a +0 whip of holy wrath
 t - a +2 dagger of venom
 u - a +0 rapier (weapon)
 v - a +0 hand crossbow
Missiles
 j - 37 stones (quivered)
Armour
 b - a +0 leather armour
 s - a +0 ring mail (worn)
Scrolls
 d - a scroll of blinking
 g - 2 scrolls of remove curse {unknown}
 k - a scroll of magic mapping {unknown}
 l - 2 scrolls of enchant weapon {unknown}
 m - a scroll of teleportation {unknown}
 o - a scroll of fog {unknown}
 p - 2 scrolls of identify {unknown}
Potions
 i - 2 potions of haste {unknown}
 q - a potion of flight
Books
 c - a book of Spatial Translocations

   Spells                             Type                      Level
   a - Blink                          Translocation                2
   b - Shroud of Golubria             Charms/Translocation         2
   c - Lesser Beckoning               Translocation                3
   d - Gell's Gravitas                Translocation                3
   e - Teleport Other                 Translocation                3
   f - Passage of Golubria            Translocation                4
Comestibles
 f - 3 bread rations
 h - 2 meat rations
 r - a royal jelly


   Skills:
 + Level 2.5 Fighting
 + Level 1.2(2.0) Short Blades
 + Level 2.5(2.7) Long Blades
 + Level 1.2 Throwing
 + Level 1.8 Armour
 + Level 2.4 Dodging
 + Level 0.2 Stealth
 + Level 2.3 Spellcasting
 + Level 3.1 Translocations


You had 3 spell levels left.
You knew the following spells:

 Your Spells              Type           Power        Failure   Level  Hunger
a - Blink                 Tloc           N/A          21%         2    ###....
b - Shroud of Golubria    Chrm/Tloc      #.........   36%         2    ###....


Dungeon Overview and Level Annotations

Branches:
Dungeon (3/15)

Altars:
Gozag


Message History

Your shroud unravels.
The orc wizard mumbles some strange words.
The orc wizard seems to speed up.
You feel very buoyant.
You fly up into the air.
You hit the orc wizard.
The orc wizard is lightly wounded.
The orc wizard gestures at you while chanting.
The magic dart hits you!
Casting: Shroud of Golubria
Confirm with . or Enter, or press ? or * to list all spells.
You blink.
The orc wizard gestures at you while chanting.
The puff of frost misses you.
The orc wizard points at you and mumbles some strange words.
The puff of frost hits you!
* * * LOW HITPOINT WARNING * * *
The orc wizard gestures at you while chanting.
The magic dart hits you!
You die...

#.#
#.#
#o#
##.#
#..#
#..#
##.#
##.#
#.@#
#..#
####


You could see an orc wizard.

Vanquished Creatures
  An orc priest (D:3)
  2 adders (D:2)
  2 oozes
  3 leopard geckos
  An orc (D:3)
  4 bats
  A giant cockroach (D:2)
  3 goblins
  2 hobgoblins (D:2)
  A jackal (D:2)
  A ball python (D:1)
  2 frilled lizards (D:2)
  4 kobolds
  3 rats
30 creatures vanquished.

Notes
Turn   | Place    | Note
-------+----------+-------------------------------------------
     0 | D:1      | Fisto the Human Warper began the quest for the Orb.
     0 | D:1      | Reached XP level 1. HP: 16/16 MP: 3/3
    68 | D:1      | Reached XP level 2. HP: 19/22 MP: 5/5
   182 | D:1      | Learned a level 2 spell: Blink
   828 | D:2      | Learned a level 2 spell: Shroud of Golubria
   896 | D:2      | Reached XP level 3. HP: 27/27 MP: 4/6
   903 | D:2      | Found an opulent altar of Gozag.
  1657 | D:2      | Reached XP level 4. HP: 30/33 MP: 7/7
  1936 | D:3      | Reached skill level 1 in Short Blades
  1969 | D:3      | Killed from afar by an orc wizard

Skill      XL: |  1  2  3  4 |
---------------+-------------+-----
Short Blades   | 1 |  1.2
Fighting       | |  2.5
Long Blades    | |  2.5
Throwing       | |  1.2
Armour         | |  1.8
Dodging        | |  2.4
Stealth        | |  0.2
Spellcasting   | |  2.3
Translocations | |  3.1

Action                   |  1- 3 |  4- 6 || total
-------------------------+-------+-------++-------
Melee: Falchion          |    60 |       ||    60
       Rapier            |    16 |    13 ||    29
       Whip              |     4 |       ||     4
Throw: Tomahawk          |     5 |       ||     5
       Stone             |    16 |     2 ||    18
 Cast: Shroud of Golubri |     3 |     1 ||     4
       Blink             |       |     1 ||     1
  Use: Potion            |       |     2 ||     2
  Eat: Chunk             |     3 |       ||     3
Armor: Leather armour    |    16 |       ||    16
       Ring mail         |     6 |     3 ||     9
Dodge: Dodged            |    62 |     4 ||    66
       Rpst.: Falchion   |    12 |       ||    12
